Description

ILSE

VOD

https://youtu.be/FYad4Om2yIE

Replay - TvZ hellbat+liberator 3cc into double thor drop 5:54

Build Order

Get SALT Encoding   

  12  0:00  SCV  
  13  0:12  SCV  
  14  0:17  Supply Depot  
  14  0:24  SCV  
  15  0:38  SCV  
  15  0:39  Barracks  
  16  0:43  Refinery  
  16  0:50  SCV  
  17  1:02  SCV  
  18  1:15  SCV  
  19  1:26  Reaper  
  19  1:27  Orbital Command  
  20  1:39  Command Center  
  20  1:49  Supply Depot  
  20  1:52  SCV  
  21  1:58  Marine  
  22  2:04  SCV  
  23  2:13  Factory  
  23  2:16  SCV  
  23  2:20  Barracks Reactor  
  25  2:39  Command Center  
  26  2:50  Refinery  
  26  2:53  Orbital Command  
  27  3:06  Starport  
  28  3:18  Hellion x2  
  34  3:33  Barracks Tech Lab  
  36  3:45  Refinery  
  36  3:47  Hellion x2  
  42  3:50  Orbital Command  
  43  3:57  Liberator  
  47  4:02  Refinery  
  47  4:08  Barracks Tech Lab  
  49  4:14  Armory  
  50  4:21  Factory  
  52  4:28  Factory  
  53  4:37  Supply Depot x2  
  55  4:43  Starport Reactor  
  59  4:53  Orbital Command  
  60  5:01  Supply Depot  
  60  5:05  Thor  
  67  5:11  Thor  
  77  5:22  Medivac x2  
  82  5:31  Terran Vehicle Weapons Level 1  
  89  5:42  Hellion x2  
  89  5:43  Infernal Pre-Igniter  
  95  6:04  Command Center, Refinery x2  
  95  6:10  Barracks Reactor  
  97  6:11  Factory x2  
  103  6:37  Siege Tank x2  
  103  6:38  Hellion x2  
  116  6:52  Liberator x2  
  123  6:59  Factory Tech Lab  
  123  7:00  Hellion x2  
  131  7:11  Siege Tank x2  
  139  7:18  Siege Tank  
  144  7:25  Engineering Bay  
  146  7:35  Liberator x2  
  160  7:50  Siege Tank  
  167  7:52  Refinery x2  
  179  8:08  Siege Tank x2  
  194  8:22  Siege Tank  
  200  8:43  Command Center x3  
  200  8:49  Command Center x2  
  200  8:57  Factory x3  
Spawning Tool Build Advisor. Get it on Overwolf

Go to:

Details

  • Created by: Elsen
  • Published on: Jul 26, 2024
  • Modified on: Jul 26, 2024
  • Patch: 5.0.11
  • Difficulty: Medium
Show
View Real Time Build Order
Export as new Build Order

Comments (0)

There are no comments. Be the first!

Create an account to comment!